Map: Port Aleksander LE

Players

DarkMinions - Winner!

  • Race: Zerg Zerg
  • League: Master
  • Spawn Location: 5:00

Nyrsis

  • Race: Zerg Zerg
  • League: Master
  • Spawn Location: 11:00

VOD

Have the link to the VOD?

Description

I proxy hatch in ZvZ ! XP

Time

  • Played on: April 11, 2019, 10:49 a.m.
  • Length: 6:07
Show
View Real Time Build Order
Export as new Build Order

DarkMinions Zerg - Winner!

Build Orders: Pool First 

Get SALT Encoding   

  12  0:01  Drone  
  13  0:09  Drone  
  14  0:14  Extractor  
  14  0:15  Drone  
  15  0:32  Spawning Pool  
  14  1:08  Hatchery  
  14  1:09  Overlord  
  13  1:22  Zergling x2  
  14  1:29  Zergling x4  
  16  1:42  Zergling x2  
  17  1:53  Zergling x2  
  18  2:04  Spine Crawler  
  18  2:06  Evolution Chamber  
  16  2:13  Spine Crawler  
  16  2:15  Evolution Chamber  
  14  2:23  Queen  
  16  2:35  Spine Crawler  
  16  2:38  Zergling x4  
  16  2:48  Zergling x2  
  15  3:19  Queen  
  16  3:20  Zergling x6  
  19  3:34  Zergling x2  
  16  3:49  Zergling x2  
  16  3:55  Queen  
  19  4:06  Zergling x4  
  19  4:08  Drone  
  19  4:26  Zergling x6  
  19  4:38  Queen  
  19  4:55  Zergling x6  
  22  5:02  Zergling x2  
  22  5:03  Zergling x2  
  24  5:19  Queen  
  22  5:44  Zergling x8  
Show
View Real Time Build Order
Export as new Build Order

Nyrsis Zerg 

Build Orders: Hatch First 

Get SALT Encoding   

  12  0:01  Drone  
  13  0:13  Overlord  
  13  0:18  Drone  
  14  0:31  Drone x2  
  16  0:50  Hatchery  
  16  0:53  Drone  
  16  0:58  Drone  
  17  1:11  Spawning Pool  
  17  1:14  Drone  
  17  1:18  Drone  
  18  1:26  Drone  
  18  1:32  Drone, Extractor  
  19  1:58  Queen  
  19  1:59  Zergling x2  
  22  2:01  Zergling x2  
  22  2:02  Queen  
  22  2:03  Zergling x4  
  27  2:12  Zergling x2  
  24  2:46  Zergling x2  
  24  2:47  Zergling x6  
  24  3:01  Zergling x8  
  24  3:05  Metabolic Boost  
  27  3:13  Overlord  
  22  3:39  Zergling x8  
  24  3:42  Queen  
  26  3:49  Spine Crawler  
  26  3:52  Zergling x2  
  26  4:01  Baneling Nest  
  25  4:03  Drone  
  26  4:11  Roach Warren  
  23  4:25  Zergling x8  
  24  4:34  Zergling x2  
  25  4:44  Zergling x2  
  26  4:51  Baneling x3  
  26  4:52  Baneling  
  24  4:53  Baneling  
  24  4:54  Baneling  
  24  4:57  Queen  
  25  5:12  Zergling x2  
  25  5:13  Zergling x2  
  24  5:18  Zergling x2  
  25  5:21  Zergling x2  
  25  5:22  Zergling x4  
Tags
 
Add a new tag
Caveats
  • Supply blocks, unpowered buildings, or Contaminate may cause inaccurate times.
  • Supply counts are checked every 10 seconds.